 Dungeon Crawl Stone Soup version 0.18-a0-921-g28655ce (webtiles) character file.

32200 4thArraOfDagon the Severer (level 13, -8/192 HPs)
             Began as a Naga Berserker on Dec 26, 2015.
             Was a High Priest of Trog.
             Mangled by a spark wasp (10 damage)
             ... on level 15 of the Dungeon on Dec 27, 2015.
             The game lasted 00:34:21 (5765 turns).

4thArraOfDagon the Severer (Naga Berserker)         Turns: 5765, Time: 00:34:21

Health: -8/192     AC: 20    Str: 26    XL:     13   Next: 63%
Magic:  16/16      EV: 10    Int: 10    God:    Trog [*****.]
Gold:   588        SH:  0    Dex: 12    Spells: 0 memorised, 12 levels left

rFire  . . .     SeeInvis +     P - +3 battleaxe
rCold  + + .     Gourm    .     r - +4 chain mail {rC+}
rNeg   . . .     Faith    .     (shield currently unavailable)
rPois  +         Spirit   .     B - +1 hat
rElec  .         Dismiss  .     w - +0 cloak
rCorr  .         Reflect  .     W - +1 pair of gloves
SustAt .         Harm     .     (no barding)
MR     +....                    (no amulet)
Stlth  ..........               J - +3 ring of evasion
                                H - ring of protection from cold

@: berserking, quick, somewhat resistant to hostile enchantments, extremely
unstealthy
A: see invisible, deformed body, poison resistance, slowness 2, slow metabolism
1, spit poison 2, constrict 1, AC +4
a: Spit Poison, Berserk, Trog's Hand, Brothers in Arms, Burn Spellbooks,
Renounce Religion


You were on level 15 of the Dungeon.
You worshipped Trog.
Trog was extremely pleased with you.
You were not hungry.

You visited 2 branches of the dungeon, and saw 16 of its levels.

You collected 588 gold pieces.

Inventory:

Hand Weapons
 b - a +1 broad axe
 P - a +3 battleaxe (weapon)
 X - a +0 battleaxe of freezing
Missiles
 V - a throwing net (quivered)
Armour
 r - a +4 chain mail of cold resistance (worn)
 w - a +0 cloak (worn)
 B - a +1 hat (worn)
 W - a +1 pair of gloves (worn)
Jewellery
 d - an uncursed ring of fire
 o - an uncursed ring of protection from fire
 H - a ring of protection from cold (left hand)
 J - a +3 ring of evasion (right hand)
Wands
 l - a wand of teleportation (2/9)
 x - a wand of fireball (7/15)
 A - a wand of magic darts (19/48)
Scrolls
 e - 3 scrolls of teleportation {unknown}
 i - 4 scrolls of enchant armour {unknown}
 j - 2 scrolls of magic mapping
 k - a scroll of enchant weapon {unknown}
 q - 2 scrolls of fear
 t - 2 scrolls of remove curse
 y - a scroll of blinking {unknown}
 z - a scroll of summoning {unknown}
 D - a scroll of fog {unknown}
 E - a scroll of holy word {unknown}
 K - a scroll of brand weapon {unknown}
 L - 2 scrolls of random uselessness {unknown}
 R - a scroll of noise {unknown}
Potions
 f - 3 potions of curing
 g - 2 potions of heal wounds
 h - 2 potions of might
 n - a potion of mutation {unknown}
 p - 6 potions of poison
 u - a potion of flight
 C - a potion of cancellation {unknown}
 G - 2 potions of cure mutation
 I - 2 potions of ambrosia
 N - a potion of lignification {unknown}
 T - 3 potions of haste
Books
 s - a book of the Warp

   Spells                             Type                      Level
   a - Recall                         Summoning/Translocation      3
   b - Gell's Gravitas                Hexes/Translocation          3
   c - Force Lance                    Conjuration/Translocation    4
   d - Phase Shift                    Translocation                5
   e - Warp Weapon                    Charms/Translocation         5
   f - Summon Forest                  Summoning/Translocation      5
   Trog disapproves of the use of such an item.
 v - a book of the Dragon

   Spells                             Type                      Level
   a - Flame Tongue                   Conjuration/Fire             1
   b - Cause Fear                     Hexes                        4
   c - Bolt of Fire                   Conjuration/Fire             6
   d - Dragon Form                    Transmutation                7
   e - Dragon's Call                  Summoning                    9
   Trog disapproves of the use of such an item.
 F - a Fen Folio

   Spells                             Type                      Level
   a - Corpse Rot                     Necromancy                   2
   b - Stone Arrow                    Conjuration/Earth            3
   c - Leda's Liquefaction            Hexes/Earth                  4
   d - Summon Forest                  Summoning/Translocation      5
   e - Hydra Form                     Transmutation                6
   f - Summon Hydra                   Summoning                    7
   Trog disapproves of the use of such an item.
Miscellaneous
 Q - a box of beasts
 S - a lamp of fire
Comestibles
 a - 2 royal jellies
 c - 7 bread rations
 m - 4 meat rations
 M - 6 fruits
 O - 2 beef jerkies
 U - 7 chunks of flesh


   Skills:
 + Level 11.7 Fighting
 * Level 15.3 Axes
 + Level 9.7 Armour
 - Level 1.5 Dodging
 + Level 4.6 Evocations


You had 12 spell levels left.
You didn't know any spells.

Dungeon Overview and Level Annotations

Branches:
Dungeon (15/15)            Temple (0/1) D:7             Orc (0/2) D:11
 Vaults (0/5) D:13         Depths (1/5) D:15
   Lair: D:8-11

Altars:
Ashenzari
Dithmenos
Nemelex Xobeh
Qazlal
Vehumet
Xom
Beogh

Annotations:
D:9 Maurice
D:10 Josephine
Depths:1 1 runed door, Wiglaf


Innate Abilities, Weirdness & Mutations

You cannot wear boots.
Your serpentine skin is tough (AC +4).
You have supernaturally acute eyesight.
Armour fits poorly on your strangely shaped body.
Your system is resistant to poisons.
You cover ground very slowly.
You have a slow metabolism.
You can spit poison.
You can use your snake-like lower body to constrict enemies.


Message History

* * * LOW HITPOINT WARNING * * *
The ice dragon claws you but does no damage.
The ice dragon tramples you but does no damage.
You miss the spark wasp. Your grab misses the spark wasp.
The spark wasp is lightly wounded.
You slash the ice dragon!
The ice dragon is moderately wounded.
The spark wasp stings you!!
* * * LOW HITPOINT WARNING * * *
The spark wasp shocks you!
* * * LOW HITPOINT WARNING * * *
You hit the spark wasp. Your grab misses the spark wasp.
The spark wasp is lightly wounded.
You closely miss the ice dragon.
The ice dragon is moderately wounded.
The ice dragon bites you but does no damage.
The ice dragon barely misses you.
The ice dragon tramples you but does no damage.
The spark wasp stings you!
You die...

#≈≈.(.≈≈#.......####.
#≈..#(.≈#............
#.#.#(#.#.#####.####.
#.≈.≈.≈.#.#####.#
#.≈...≈.#.##.....
#.≈...≈.#....#####
#.#####.#.##.#
#.#...#.#..#.#
#.#(@y#.#....#
#('..D'.##.#<#
##########.#.#
#.#.#######. ..#
#.#..^......
#.###.#.........
#.##............
.##.##.....PPP...P .
..........P..P...P


You could see an ice dragon and a spark wasp.

Vanquished Creatures
  A frost giant (D:15)
  An orc warlord (D:8)
  A vault guard (D:13)
  A hydra (D:15)
  Erica (D:11)
  4 centaur warriors
  A deep elf knight (D:8)
  An unseen horror (D:13)
  7 ugly things
  3 hill giants
  2 deep elf magi (D:14)
  A griffon (D:13)
  A cyclops (D:14)
  3 necromancers (D:13)
  3 manticores
  3 slime creatures (D:14)
  Psyche (D:10)
  A yaktaur (D:15)
  2 trolls
  Grinder (D:6)
  A two-headed ogre (D:9)
  A wraith (D:9)
  8 yaks (D:13)
  2 shadows (D:12)
  A wyvern (D:14)
  20 humans (D:13)
  4 hungry ghosts
  Eustachio (D:6)
  A hippogriff (D:15)
  4 vampire mosquitoes (D:15)
  A steam dragon (D:11)
  7 wargs
  2 sky beasts (D:13)
  13 orc warriors
  An ice beast (D:10)
  2 necrophages
  6 ogres
  A black bear (D:8)
  A wasp (D:14)
  2 eyes of draining (D:15)
  Blork the orc (D:6)
  4 centaurs
  2 big kobolds
  3 giant frogs
  2 wyvern zombies (D:15)
  A wyvern skeleton (D:15)
  2 scorpions (D:4)
  20 wights
  A crimson imp (D:13)
  5 orc priests
  A jelly (D:10)
  A giant frog zombie (D:12)
  9 orc wizards
  4 hounds
  3 centaur skeletons
  Jessica (D:3)
  3 iguanas
  A worker ant (D:6)
  A killer bee zombie (D:9)
  4 sheep (D:14)
  A hound skeleton (D:11)
  6 adders
  5 gnolls
  2 river rats (D:10)
  A shadow imp (D:9)
  An adder zombie (D:8)
  2 worms
  2 giant geckos
  64 orcs
  3 ball pythons
  16 bats
  2 goblins
  3 hobgoblins
  17 jackals
  A quokka (D:6)
  A giant gecko skeleton (D:6)
  4 giant newts
  15 kobolds
  A quokka skeleton (D:8)
  A quokka zombie (D:6)
  10 rats
345 creatures vanquished.

Vanquished Creatures (collateral kills)
  Maud (D:11)
1 creature vanquished.

Vanquished Creatures (others)
  6 bushes (D:15)
6 creatures vanquished.

Grand Total: 352 creatures vanquished

Notes
Turn   | Place    | Note
--------------------------------------------------------------
     0 | D:1      | 4thArraOfDagon the Naga Berserker began the quest for the Orb.
     0 | D:1      | Reached XP level 1. HP: 21/21 MP: 1/1
   204 | D:1      | Reached XP level 2. HP: 24/28 MP: 2/2
   271 | D:2      | Found a stormy altar of Qazlal.
   335 | D:2      | BLOAX: did you get the silly messages i sent you
   391 | D:2      | jacquesderrida: It's blerx
   458 | D:2      | jacquesderrida: The man without a face
   520 | D:3      | 4thArraOfDagon: hi
   520 | D:3      | 4thArraOfDagon: yea, got em
   520 | D:3      | BLOAX: That part is also true.
   520 | D:3      | jacquesderrida: hi
   520 | D:3      | 4thArraOfDagon: didnt bother yet tho, im waiting for my bro to check it
   520 | D:3      | BLOAX: Although unlike Pewdietintin I don't have a case of megalomania.
   559 | D:3      | BLOAX: I just want to make vidya.
   575 | D:3      | Noticed Jessica
   584 | D:3      | Killed Jessica
   584 | D:3      | Reached XP level 3. HP: 18/34 MP: 3/3
   688 | D:4      | Noticed a phantom
   713 | D:3      | jacquesderrida: Become a KGB agetn at dresden
   728 | D:3      | Reached XP level 4. HP: 42/42 MP: 4/4
   799 | D:3      | Reached skill level 4 in Axes
   808 | D:3      | Reached ** piety under Trog
   919 | D:4      | Reached XP level 5. HP: 44/49 MP: 5/5
   973 | D:4      | Reached skill level 5 in Axes
   973 | D:4      | Reached XP level 6. HP: 41/57 MP: 6/6
  1022 | D:4      | You fall through a shaft!
  1022 | D:5      | Entered Level 5 of the Dungeon
  1067 | D:5      | Reached XP level 7. HP: 48/66 MP: 7/7
  1084 | D:5      | Found a sparkling altar of Nemelex Xobeh.
  1170 | D:6      | Noticed Blork the orc
  1180 | D:6      | Killed Blork the orc
  1180 | D:6      | Reached skill level 6 in Axes
  1202 | D:6      | Noticed Eustachio
  1216 | D:6      | Killed Eustachio
  1242 | D:6      | Found a shattered altar of Ashenzari.
  1286 | D:6      | Found a shadowy altar of Dithmenos.
  1293 | D:6      | Noticed Grinder
  1309 | D:6      | Killed Grinder
  1309 | D:6      | Reached skill level 5 in Fighting
  1309 | D:6      | Reached skill level 7 in Axes
  1309 | D:6      | Reached XP level 8. HP: 32/74 MP: 8/8
  1393 | D:7      | Found a radiant altar of Vehumet.
  1494 | D:8      | jacquesderrida: magic darted for 40 hp by a kobold
  1505 | D:8      | jacquesderrida: naga lyfe
  1702 | D:8      | Reached skill level 8 in Axes
  1841 | D:8      | Reached skill level 5 in Armour
  1841 | D:8      | BLOAX: https://dl.dropboxusercontent.com/u/63152810/n/xcom/piratez/Platemail.gif another armor down
  1841 | D:8      | Reached XP level 9. HP: 82/82 MP: 9/9
  1845 | D:8      | BLOAX: 35 to go ;' ^ )
  1883 | D:7      | Found a staircase to the Ecumenical Temple.
  2033 | D:8      | BLOAX: although truth be told only ~13 or so of them will be actual pieces of art
  2052 | D:8      | BLOAX: while the rest are mostly just more or less simple costumes
  2159 | D:8      | Reached skill level 9 in Axes
  2228 | D:8      | Reached *** piety under Trog
  2255 | D:7      | BLOAX: though i do want to take it in a http://i.imgur.com/rHXsJnT.png direction
  2283 | D:8      | Noticed an orc warlord
  2301 | D:8      | Killed an orc warlord
  2301 | D:8      | Reached skill level 10 in Axes
  2301 | D:8      | Reached XP level 10. HP: 92/92 MP: 10/10
  2446 | D:8      | BLOAX: And people that don't know what an edgefag I am will surely be surprised at the amount of edginess I possess.
  2446 | D:8      | 4thArraOfDagon: brb
  2739 | D:8      | Noticed a deep elf knight
  2748 | D:8      | Killed a deep elf knight
  2903 | D:9      | Reached skill level 11 in Axes
  2926 | D:9      | Found a shimmering altar of Xom.
  2926 | D:9      | Noticed Maurice
  3270 | D:10     | Entered Level 10 of the Dungeon
  3270 | D:10     | Noticed Psyche
  3279 | D:10     | Killed Psyche
  3279 | D:10     | Reached **** piety under Trog
  3306 | D:10     | Noticed a hill giant
  3347 | D:10     | Noticed Josephine
  3512 | D:10     | Killed a hill giant
  3512 | D:10     | Reached XP level 11. HP: 104/104 MP: 11/11
  3772 | D:11     | Reached skill level 12 in Axes
  3824 | D:11     | Noticed Erica
  3832 | D:11     | Killed Erica
  3853 | D:11     | Found a staircase to the Orcish Mines.
  3872 | D:11     | Noticed a centaur warrior
  3947 | D:11     | Killed a centaur warrior
  4033 | D:11     | Found a roughly hewn altar of Beogh.
  4207 | D:11     | Noticed a hill giant
  4222 | D:11     | Noticed Maud
  4235 | D:11     | Killed Maud
  4288 | D:12     | Noticed a hill giant
  4293 | D:12     | Killed a hill giant
  4420 | D:12     | Reached skill level 13 in Axes
  4558 | D:13     | Reached skill level 10 in Fighting
  4560 | D:13     | Noticed a centaur warrior
  4566 | D:13     | Killed a centaur warrior
  4566 | D:13     | Reached XP level 12. HP: 116/116 MP: 12/12
  4773 | D:13     | Reached skill level 14 in Axes
  4804 | D:13     | Reached skill level 1 in Evocations
  4842 | D:13     | Found a gate to the Vaults.
  4842 | D:13     | Noticed a vault guard
  4856 | D:13     | Killed a vault guard
  4918 | D:13     | Upgraded the game from 0.18-a0-917-g8a3da5b to 0.18-a0-921-g28655ce
  5126 | D:13     | Noticed a centaur warrior
  5140 | D:13     | Killed a centaur warrior
  5140 | D:13     | Gained mutation: You can use your snake-like lower body to constrict enemies. [Naga growth]
  5140 | D:13     | Reached XP level 13. HP: 127/127 MP: 15/15
  5259 | D:15     | Entered Level 15 of the Dungeon
  5422 | D:15     | Reached skill level 15 in Axes
  5539 | D:14     | Reached ***** piety under Trog
  5681 | D:15     | Found a staircase to the Depths.
  5681 | D:15     | Noticed a frost giant
  5688 | D:15     | Killed a frost giant
  5732 | Depths:1 | Entered Level 1 of the Depths
  5750 | Depths:1 | Found a runed door.
  5750 | Depths:1 | Noticed a lich
  5757 | Depths:1 | Noticed a spark wasp
  5758 | Depths:1 | Noticed Wiglaf
  5759 | Depths:1 | Noticed a spark wasp
  5764 | D:15     | HP: 1/192 [spark wasp (17)]
  5765 | D:15     | Mangled by a spark wasp

Vault maps used:
D:1:      dpeg_arrival_round_a, serial_forest, infiniplex_forest_zigzag_2,
          infiniplex_forest_end_3, infiniplex_forest_clump_small,
          infiniplex_forest_lined_ring, infiniplex_forest_corner_2,
          infiniplex_forest_corner_2, infiniplex_forest_clump_medium,
          minivault_24, minmay_misc_feat_plants
D:2:      nicolae_overflow_hidden_temple, minmay_misc_feat_ornament,
          uniq_crazy_yiuf_cottage
D:3:      kennysheep_okawaru_gauntlet, portal_sewer_entry_f, uniq_jessica
D:4:      first_bread, hex_tiny, minmay_stone_trees_medium
D:5:      kennysheep_mini, minitemple, minmay_fountain_box, minmay_misc_feat_x
D:6:      grunt_dithmenos_smoke_and_mirrors, ashenzari_altar_1, uniq_grinder,
          uniq_eustachio, uniq_blork_the_orc
D:7:      vehumet_altar_wand_db, temple_fountains, serial_bayou_lake_a
D:8:      lemuel_castle_with_subvaults, elyvilon_altar_3
D:9:      old_standard_altar, zin_treasury, uniq_maurice
D:10:     grunt_lair_entry_orc_guard_hut, uniq_josephine, uniq_psyche
D:11:     minmay_orc_entry_temple_small, hangedman_fish_farm,
          corexii_hall_statues_i, uniq_erica, uniq_maud
D:12:     basic_altar
D:13:     grunt_vaults_entry_tiered, corner_web_ring
D:14:     serial_bayou_shore_a, hangedman_decor_lopped, minivault_26
D:15:     grunt_enter_depths_snipers, serial_park_square2, lemuel_centaur_altar
Depths:1: abyss_entry_crystal, basic_altar, hangedman_coc_ice_floe,
          kennysheep_treasure_room, uniq_jorgrun, uniq_wiglaf

Action                   |  1- 3 |  4- 6 |  7- 9 | 10-12 | 13-15 || total
-------------------------+-------+-------+-------+-------+-------++-------
Melee: Hand axe          |    52 |    32 |       |       |       ||    84
       War axe           |       |    15 |   189 |   435 |       ||   639
       Broad axe         |       |       |       |    46 |       ||    46
       Battleaxe         |       |       |       |   171 |   151 ||   322
Invok: Berserk           |       |     3 |    12 |    31 |     6 ||    52
       Trog's Hand       |       |     1 |     6 |    18 |     4 ||    29
       Brothers in Arms  |       |       |       |     1 |       ||     1
 Abil: Spit Poison       |    19 |    12 |    14 |    21 |       ||    66
Evoke: Wand              |       |       |     1 |     4 |       ||     5
       Lamp of fire      |       |       |       |     1 |       ||     1
  Use: Scroll            |       |       |     3 |     9 |       ||    12
       Potion            |       |       |       |     1 |       ||     1
 Stab: Distracted        |       |       |       |       |     1 ||     1
  Eat: Chunk             |       |     5 |    19 |    51 |    10 ||    85
       Fruit             |       |       |       |     2 |       ||     2
       Beef jerky        |       |       |       |     1 |       ||     1
       Pizza             |       |       |       |       |     1 ||     1
